 Dungeon Crawl Stone Soup version 0.20-a0-1122-gb7cbeb9 (webtiles) character file.

116 M4edhros the Sneak (level 5, -1/49 HPs)
             Began as an Octopode Artificer on May 12, 2017.
             Killed from afar by an orc wizard (4 damage)
             ... with a magic dart
             ... on level 5 of the Dungeon.
             The game lasted 00:02:04 (976 turns).

M4edhros the Sneak (Octopode Artificer)              Turns: 976, Time: 00:02:04

Health: -1/49      AC:  4    Str: 16    XL:     5   Next: 0%
Magic:  7/7        EV: 13    Int: 18    God:
Gold:   108        SH:  0    Dex: 14    Spells: 4/4 levels left

rFire    . . .     SeeInvis .   y - +2 dagger (elec)
rCold    . . .     Gourm    .   (no shield)
rNeg     . . .     Faith    .   (helmet restricted)
rPois    .         Spirit   .   (no amulet)
rElec    .         Reflect  .   h - ring of stealth
rCorr    .         Harm     .   u - +3 ring of protection
MR       .....                  (no ring)
Stlth    ..........             (no ring)
Regen    0.2/turn               (no ring)
MPRegen  0.1/turn               (no ring)
                                (no ring)
                                (no ring)

@: brilliant, berserking (expiring), drained, very quick
A: almost no armour, stealthy swim, amphibious, 8 rings, constrict 8, camouflage
1, gelatinous body 1
a: no special abilities


You were on level 5 of the Dungeon.
You were not hungry.

You visited 1 branch of the dungeon, and saw 5 of its levels.

You collected 108 gold pieces.

Inventory:

Hand Weapons
 a - a +0 short sword
 m - a +0 hunting sling
 x - a +3 dagger of draining
 y - a +2 dagger of electrocution (weapon)
Missiles
 n - 92 stones (quivered)
Jewellery
 h - a ring of stealth (left tentacle)
 u - a +3 ring of protection (right tentacle)
Wands
 b - a wand of flame (11/48)
 c - a wand of enslavement (7/24)
 d - a wand of random effects (14/48)
Scrolls
 i - 2 scrolls of random uselessness {unknown}
 o - a scroll of magic mapping
 p - a scroll of enchant weapon {unknown}
 w - a scroll of identify {unknown}
Potions
 v - a potion of might {unknown}
Books
 q - a book of Maledictions

   Spells                             Type                      Level
   a - Corona                         Hexes                        1
   b - Ensorcelled Hibernation        Hexes/Ice                    2
   c - Confuse                        Hexes                        3
   d - Tukima's Dance                 Hexes                        3
   e - Dazzling Spray                 Conjuration/Hexes            3
Comestibles
 f - 4 bread rations
 g - 6 fruits
 r - a meat ration
 t - a royal jelly
 z - 6 chunks of flesh


   Skills:
 - Level 1.0(0.8) Fighting
 - Level 1.0(0.8) Short Blades
 - Level 2.0(1.8) Dodging
 + Level 6.6(6.4) Stealth
 - Level 3.2(3.1) Evocations


You had 4 spell levels left.
You didn't know any spells.

Dungeon Overview and Level Annotations

Branches:
Dungeon (5/15)
 Temple: D:4-7

Altars:
Okawaru
Ru

Portals:
Sewer: D:3


Innate Abilities, Weirdness & Mutations

You cannot wear most types of armour.
You are very stealthy in the water. (Stealth+)
You are amphibious.
You can wear up to eight rings at the same time.
You can use your tentacles to constrict eight enemies at once.
Your skin changes colour to match your surroundings (Stealth+).
Your rubbery body absorbs attacks. (AC +1, EV +1)


Message History

The orc priest is moderately wounded.
You constrict the orc priest.
The orc priest hits you but does no damage.
Unknown command.
You barely miss the orc priest. You squeeze the orc priest.
The orc priest is severely wounded.
You constrict the orc priest. The orc priest completely misses you.
Unknown command.
You hit the orc priest but do no damage.
The orc priest is severely wounded.
You constrict the orc priest.
Unknown command.
You hit the orc priest.
Lightning courses through the orc priest!
You kill the orc priest!
You have reached level 5!
You feel agile. The orc wizard casts a spell at you. The magic dart hits you!
You die... ########## #o@)o..... ##########

You could see an orc wizard and a friendly orc warrior (unaware).

Vanquished Creatures
  An orc priest (D:5)
  An orc wizard (D:3)
  2 adders
  A river rat (D:3)
  A leopard gecko (D:3)
  3 orcs (D:3)
  2 ball pythons (D:3)
  2 bats
  6 giant cockroaches
  5 goblins
  3 hobgoblins
  A quokka (D:2)
  A frilled lizard (D:1)
  A kobold (D:2)
  4 rats
34 creatures vanquished.

Vanquished Creatures (collateral kills)
  2 orcs
2 creatures vanquished.

Vanquished Creatures (others)
  2 river rats (D:3)
2 creatures vanquished.

Grand Total: 38 creatures vanquished

Notes
Turn   | Place    | Note
-------+----------+-------------------------------------------
     0 | D:1      | M4edhros the Octopode Artificer began the quest for the Orb.
     0 | D:1      | Reached XP level 1. HP: 13/13 MP: 3/3
   116 | D:1      | Reached skill level 2 in Stealth
   288 | D:1      | Reached skill level 3 in Stealth
   288 | D:1      | Reached XP level 2. HP: 18/18 MP: 4/4
   405 | D:2      | Found a sacrificial altar of Ru.
   439 | D:2      | Found an iron altar of Okawaru.
   454 | D:2      | Reached skill level 4 in Stealth
   454 | D:2      | Reached XP level 3. HP: 14/23 MP: 5/5
   868 | D:3      | Found a glowing drain.
   878 | D:3      | Reached skill level 5 in Stealth
   892 | D:3      | Reached XP level 4. HP: 20/28 MP: 6/6
   910 | D:3      | Reached skill level 6 in Stealth
   962 | D:5      | Entered Level 5 of the Dungeon
   962 | D:5      | Noticed an orc warrior
   971 | D:5      | HP: 2/42 [orc priest/club (1)]
   976 | D:5      | Reached XP level 5. HP: 3/33 MP: 7/7
   976 | D:5      | Killed from afar by an orc wizard

Vault maps used:
D:1:      moated_graveyard_arrival
D:2:      nicolae_ru_awakened_eye, first_bread, okawaru_trees_2
D:3:      portal_sewer_entry_b, fountainhead
D:4:      kennysheep_generic_room_9, uniq_grinder, uniq_blork_the_orc
D:5:      temple_fountains, uniq_crazy_yiuf_cottage

Skill      XL: |  1  2  3  4 |
---------------+-------------+-----
Stealth        | 3 4 5 6 |  6.6
Fighting       | |  1.0
Short Blades   | |  1.0
Dodging        | |  2.0
Evocations     | |  3.2

Action                   |  1- 3 |  4- 6 || total
-------------------------+-------+-------++-------
Melee: Short sword       |    54 |     6 ||    60
       Tentacles         |    12 |     1 ||    13
       Constrict         |    14 |     2 ||    16
       Dagger            |       |     6 ||     6
Evoke: Wand              |     3 |    10 ||    13
  Use: Potion            |       |     5 ||     5
       Scroll            |       |     1 ||     1
 Stab: Sleeping          |     5 |     1 ||     6
Armor: Skin              |     8 |     1 ||     9
Dodge: Dodged            |    25 |     9 ||    34
